 Dungeon Crawl Stone Soup version 0.30-a0-840-ga523dec638 (webtiles) character file.

Game seed: 15195355741600533344

515 retardedninja the Shield-Bearer (level 7, -3/60 HPs)
             Began as a Gnoll Fighter on Mar 1, 2023.
             Splashed by a jelly's acid (4 damage)
             ... on level 4 of the Dungeon.
             The game lasted 00:05:19 (3425 turns).

retardedninja the Shield-Bearer (Gnoll Fighter)     Turns: 3425, Time: 00:05:20

Health: -3/60      AC: 13    Str: 17    XL:     7   Next: 20%
Magic:  10/10      EV:  7    Int:  7    God:
Gold:   178        SH:  5    Dex: 12    Spells: 10/10 levels left

rFire   . . .      SeeInvis .    a - +0 flail
rCold   . . .      Faith    .    c - +0 buckler
rNeg    . . .      Spirit   .    u - +0 chain mail
rPois   .          Reflect  .    b - +0 helmet
rElec   .          Harm     .    i - scarf {repulsion}
rCorr   .          Rampage  .    q - +0 pair of gloves
Will    .....                    (no boots) Stlth
                                 (no amulet)
HPRegen 0.30/turn                (no ring)
MPRegen 0.12/turn                (no ring)

@: brilliant, repel missiles
A: fangs 1, strong nose, distributed training
a: no special abilities


You were on level 4 of the Dungeon.
You visited 1 branch of the dungeon, and saw 4 of its levels.

You collected 178 gold pieces.

Inventory:

Hand Weapons
 a - a +0 flail (weapon)
Armour
 b - a +0 helmet (worn)
 c - a +0 buckler (worn)
 i - a scarf of repulsion (worn)
 q - a +0 pair of gloves (worn)
 u - a +0 chain mail (worn)
Jewellery
 e - a ring of protection from cold
 y - a ring of protection from fire
Wands
 r - a wand of paralysis (6)
Scrolls
 d - 2 scrolls of vulnerability {unknown}
 j - 4 scrolls of identify {unknown}
 n - a scroll of butterflies {unknown}
 p - a scroll of poison {unknown}
 s - a scroll of enchant armour {unknown}
 t - a scroll of torment {unknown}
 w - a scroll of teleportation {unknown}
Potions
 f - a potion of heal wounds {unknown}
 g - a potion of invisibility {unknown}
 h - a potion of cancellation
 k - 2 potions of magic
 l - a potion of degeneration {unknown}
 o - a potion of attraction {unknown}
 v - a potion of flight {unknown}
 x - a potion of lignification {unknown}
 z - a potion of might


   Skills:
 + Level 7.0 Fighting
 + Level 2.4 Short Blades
 + Level 2.4 Long Blades
 + Level 2.4 Axes
 + Level 5.2 Maces & Flails
 + Level 2.4 Polearms
 + Level 2.4 Staves
 + Level 2.4 Ranged Weapons
 + Level 2.4 Throwing
 + Level 7.0 Armour
 + Level 2.4 Dodging
 + Level 2.4 Stealth
 + Level 7.0 Shields
 + Level 2.4 Unarmed Combat
 + Level 2.4 Spellcasting
 + Level 2.0 Conjurations
 + Level 2.0 Hexes
 + Level 2.0 Summonings
 + Level 2.0 Necromancy
 + Level 2.0 Translocations
 + Level 2.0 Transmutations
 + Level 2.0 Fire Magic
 + Level 2.0 Ice Magic
 + Level 2.0 Air Magic
 + Level 2.0 Earth Magic
 + Level 2.0 Poison Magic
 + Level 2.7 Invocations
 + Level 2.4 Evocations


You had 10 spell levels left.
You didn't know any spells.
Your spell library contained the following spells:

 Spells                   Type           Power      Damage    Failure   Level
 Sublimation of Blood     Necr           5%         N/A       98%         2
 Petrify                  Tmut/Erth      5%         N/A       100%        4
 Irradiate                Conj/Tmut      2%         3d12      100%        5


Dungeon Overview and Level Annotations

Branches:
Dungeon (4/15)             Temple (0/1) D:4

Altars:
Ru


Innate Abilities, Weirdness & Mutations

You have very sharp teeth.
Your uncanny sense of smell can sniff out nearby items.
Your experience applies equally to all skills.


Message History

You hit the jelly but do no damage. The acid corrodes you!
Your hands burn!
The jelly is severely wounded.
You block the jelly's attack.
You hit the jelly but do no damage. The acid corrodes you!
Your hands burn!
You bite the jelly, but do no damage.
The jelly is severely wounded.
The jelly barely misses you.
You hit the jelly but do no damage. The acid corrodes you!
Your hands burn!
The jelly is severely wounded.
The jelly closely misses you.
You completely miss the jelly. You bite the jelly, but do no damage.
The jelly is severely wounded.
The jelly barely misses you. The jelly hits you.
You are splashed with acid!
You hit the jelly but do no damage.
Your hands burn!
* * * LOW HITPOINT WARNING * * *
The jelly is severely wounded.
The jelly hits you.
* * * LOW HITPOINT WARNING * * *
You are splashed with acid!
* * * LOW HITPOINT WARNING * * *
You hit the jelly but do no damage.
Your hands burn!
* * * LOW HITPOINT WARNING * * *
The jelly is severely wounded.
The jelly barely misses you.
It was a potion of cancellation.
Your magical effects are unravelling.
You feel magically purged.
You are no longer corroded.
The jelly hits you but does no damage.
You barely miss the jelly.
The jelly is severely wounded.
The jelly hits you.
* * * LOW HITPOINT WARNING * * *
You are splashed with acid.
* * * LOW HITPOINT WARNING * * *
It was a potion of brilliance.
You feel clever all of a sudden. The jelly barely misses you.
You hit the jelly.
Your hands burn!
You die...

#.#
#.####.###..####.###
. #.# #.
............... ..
#.#
###..##.###...##..
..... #.....#.....
.#.##.##..##..!#
.)..........).####.#
.#.#....#.##........
#.#.#.##.#..........#
#.......@J..#.#####.#
...##.#.#.#.#.# # ..
#.#.#...# #..
........# ...
∆#.>.#.##... ##
#...#....###
..#....#.. ##.#.##.#
.#


You could see a jelly.

Vanquished Creatures
  Grinder (D:3)
  A black bear (D:4)
  Blork the orc (D:3)
  Ijyb (D:2)
  Terence (D:3)
  Robin (D:3)
  An adder (D:3)
  A worm (D:3)
  4 dart slugs
  4 bats
  4 endoplasms
  6 giant cockroaches
  6 hobgoblins
  3 jackals (D:3)
  4 quokkas
  5 ball pythons
  3 frilled lizards
  22 goblins
  5 kobolds
  9 rats
83 creatures vanquished.

Notes
Turn   | Place    | Note
-------+----------+-------------------------------------------
     0 | D:1      | retardedninja the Gnoll Fighter began the quest for the
                  | Orb.
     0 | D:1      | Reached XP level 1. HP: 23/23 MP: 1/1
   216 | D:1      | Reached XP level 2. HP: 25/29 MP: 2/2
   407 | D:1      | Reached XP level 3. HP: 35/35 MP: 3/3
   899 | D:2      | Found a faded altar of an unknown god.
   909 | D:2      | Reached skill level 1 in Invocations
  1265 | D:2      | Reached skill level 1 in Short Blades
  1265 | D:2      | Reached skill level 1 in Long Blades
  1265 | D:2      | Reached skill level 1 in Axes
  1265 | D:2      | Reached skill level 1 in Polearms
  1265 | D:2      | Reached skill level 1 in Staves
  1265 | D:2      | Reached skill level 1 in Ranged Weapons
  1265 | D:2      | Reached skill level 1 in Throwing
  1265 | D:2      | Reached skill level 1 in Dodging
  1265 | D:2      | Reached skill level 1 in Stealth
  1265 | D:2      | Reached skill level 1 in Unarmed Combat
  1265 | D:2      | Reached skill level 1 in Spellcasting
  1265 | D:2      | Reached skill level 1 in Evocations
  1561 | D:2      | Noticed Ijyb
  1573 | D:2      | Paralysed by Ijyb for 2 turns
  1577 | D:2      | Paralysed by Ijyb for 4 turns
  1583 | D:2      | Killed Ijyb
  1584 | D:2      | Reached skill level 1 in Conjurations
  1584 | D:2      | Reached skill level 1 in Hexes
  1584 | D:2      | Reached skill level 1 in Summonings
  1584 | D:2      | Reached skill level 1 in Necromancy
  1584 | D:2      | Reached skill level 1 in Translocations
  1584 | D:2      | Reached skill level 1 in Transmutations
  1584 | D:2      | Reached skill level 1 in Fire Magic
  1584 | D:2      | Reached skill level 1 in Ice Magic
  1584 | D:2      | Reached skill level 1 in Air Magic
  1584 | D:2      | Reached skill level 1 in Earth Magic
  1584 | D:2      | Reached skill level 1 in Poison Magic
  1584 | D:2      | Reached XP level 4. HP: 30/41 MP: 5/5
  1827 | D:3      | Noticed Terence
  1843 | D:3      | Killed Terence
  1844 | D:3      | Reached XP level 5. HP: 12/47 MP: 5/7
  2184 | D:3      | Noticed Robin
  2481 | D:3      | Killed Robin
  2606 | D:3      | Found a sacrificial altar of Ru.
  2679 | D:3      | Noticed Grinder
  2697 | D:3      | Killed Grinder
  2698 | D:3      | Reached skill level 5 in Maces & Flails
  2698 | D:3      | Reached XP level 6. HP: 35/53 MP: 7/9
  3042 | D:4      | Noticed Blork the orc
  3062 | D:3      | Killed Blork the orc
  3379 | D:4      | Noticed a black bear
  3388 | D:4      | Killed a black bear
  3389 | D:4      | Reached XP level 7. HP: 60/60 MP: 10/10
  3392 | D:4      | Found a staircase to the Ecumenical Temple.
  3423 | D:4      | HP: 1/60 [acid (6)]
  3425 | D:4      | Splashed by a jelly's acid

Illustrated notes

Levels and vault maps discovered:
D:1:      minmay_arrival_checkered_box, layout_loops_cross,
          nicolae_hexahallways, roderic_cross_of_infinity
D:2:      kennysheep_the_goblin_king, layout_basic,
          hellmonk_ecumenical_altar_lost_god, chequers_arboretum
D:3:      layout_basic, mainiacjoe_overflow_small_starburst,
          roderic_serpentine_path, uniq_terence, uniq_ijyb, uniq_grinder,
          uniq_robin
D:4:      layout_loops_ring, minmay_temple_entry_ruins, st_stairs_14,
          grunt_decor_junction, uniq_blork_the_orc

Skill      XL: |  1  2  3  4  5  6 |
---------------+-------------------+-----
Invocations    | 1 2 |  2.7
Short Blades   | 1 2 |  2.4
Long Blades    | 1 2 |  2.4
Axes           | 1 2 |  2.4
Polearms       | 1 2 |  2.4
Staves         | 1 2 |  2.4
Ranged Weapons | 1 2 |  2.4
Throwing       | 1 2 |  2.4
Dodging        | 1 2 |  2.4
Stealth        | 1 2 |  2.4
Unarmed Combat | 1 2 |  2.4
Spellcasting   | 1 2 |  2.4
Evocations     | 1 2 |  2.4
Conjurations   | 1 2 |  2.0
Hexes          | 1 2 |  2.0
Summonings     | 1 2 |  2.0
Necromancy     | 1 2 |  2.0
Translocations | 1 2 |  2.0
Transmutations | 1 2 |  2.0
Fire Magic     | 1 2 |  2.0
Ice Magic      | 1 2 |  2.0
Air Magic      | 1 2 |  2.0
Earth Magic    | 1 2 |  2.0
Poison Magic   | 1 2 |  2.0
Maces & Flails | 5 |  5.2
Fighting       | 7 |  7.0
Armour         | 7 |  7.0
Shields        | 7 |  7.0

Action                     |  1- 3 |  4- 6 |  7- 9 || total
---------------------------+-------+-------+-------++-------
  Melee: Flail             |   130 |   146 |    15 ||   291
         Bite              |    10 |    10 |     4 ||    24
  Evoke: Wand              |       |     3 |       ||     3
    Use: Potion            |     1 |     2 |     2 ||     5
   Stab: Paralysed         |       |     9 |       ||     9
 Armour: Scale mail        |    49 |    55 |       ||   104
         Chain mail        |       |    78 |     5 ||    83
  Dodge: Dodged            |    50 |    98 |     7 ||   155
         Repelled          |       |     2 |       ||     2
  Block: Buckler           |    35 |    69 |     3 ||   107

Table legend: (Time is in decaauts)
 A = Elapsed time spent in this place.
 B = Non-inter-level travel time spent in this place.
 C = Inter-level travel time spent in this place.
 D = Time resting spent in this place.
 E = Time spent auto-exploring this place.
 F = Levels seen in this place.
 G = Mean time per level.
                   A        B        C        D        E       F      G
               +--------+--------+--------+--------+--------+-----+--------+
         Total |   3487 |   3387 |    100 |    798 |   1920 |   4 |  871.8 |
       Dungeon |   3487 |   3387 |    100 |    798 |   1920 |   4 |  871.8 |
               +--------+--------+--------+--------+--------+-----+--------+

Top non-repeatable levels by time:
     D:3: 1370 daAuts
     D:2: 1129 daAuts
     D:1: 904 daAuts
     D:4: 82 daAuts
